 Dungeon Crawl Stone Soup version 0.29-a0-824-gd827844252 (webtiles) character file.

Game seed: 707074619989651580

28 kevlar127 the Ruffian (level 2, -1/29 HPs)
             Began as a Troll Berserker on July 9, 2022.
             Was a Follower of Trog.
             Slain by a hobgoblin (6 damage)
             ... led by Robin
             ... on level 2 of the Dungeon.
             The game lasted 00:01:29 (982 turns).

kevlar127 the Ruffian (Troll Berserker)              Turns: 982, Time: 00:01:29

Health: -1/29      AC:  4    Str: 24    XL:     2   Next: 96%
Magic:  1/1        EV: 10    Int:  3    God:    Trog [*.....]
Gold:   44         SH:  0    Dex:  9    Spells: 1/1 levels left

rFire   . . .      SeeInvis .     - Unarmed
rCold   . . .      Faith    .   (no shield)
rNeg    . . .      Spirit   .   a - +0 animal skin
rPois   .          Reflect  .   (helmet restricted)
rElec   .          Harm     .   (no cloak)
rCorr   .          Rampage  .   (gloves unavailable)
Will    .....                   (boots unavailable)
Stlth   +.........              (no amulet)
HPRegen 0.89/turn               (no ring)
MPRegen 0.07/turn               (no ring)

@: no status effects
A: large, unfitting armour, claws 3, regeneration 1, shaggy fur 1, tough skin 1
a: Renounce Religion, Berserk


You were on level 2 of the Dungeon.
You worshipped Trog.
Trog was aware of your devotion.
You visited 1 branch of the dungeon, and saw 2 of its levels.

You collected 44 gold pieces.

Inventory:

Missiles
 i - 16 stones (quivered)
 j - 5 boomerangs
Armour
 a - a +0 animal skin (worn)
Jewellery
 f - a ring of fire
Scrolls
 b - a scroll of magic mapping {unknown}
 d - 2 scrolls of noise {unknown}
 h - a scroll of torment {unknown}
 k - 3 scrolls of fog {unknown}
 l - a scroll of blinking {unknown}
Potions
 c - a potion of degeneration {unknown}
 e - a potion of brilliance {unknown}
 g - 2 potions of attraction {unknown}
 m - a potion of mutation {unknown}
 n - a potion of lignification {unknown}


   Skills:
 + Level 2.7 Fighting
 + Level 0.3 Throwing
 + Level 2.8 Dodging
 + Level 3.3 Unarmed Combat


You had one spell level left.
You didn't know any spells.
Your spell library was empty.

Dungeon Overview and Level Annotations

Branches:
Dungeon (2/15)

Altars:
Vehumet

Annotations:
D:2 Robin


Innate Abilities, Weirdness & Mutations

You are too large for most types of armour.
You have claws for hands.
Your natural rate of healing is unusually fast.
You are covered in fur. (AC +1)
You have tough skin. (AC +1)


Message History

A goblin comes into view. It is wielding a +0 club.
The goblin hits you with a +0 club. x2
You hear a shout!
You claw the goblin!
You kill the goblin!
Trog accepts your kill. The goblin hits you with a +0 club. x2
You claw the goblin!
You kill the goblin!
Trog accepts your kill. The goblin hits you with a +0 club.
The goblin completely misses you.
You are too injured to fight recklessly!
You are too injured to fight recklessly!
You are too injured to fight recklessly!
You are too injured to fight recklessly!
You are too injured to fight recklessly!
You are too injured to fight recklessly!
You are too injured to fight recklessly!
Unknown command.
You are too injured to fight recklessly!
You are too injured to fight recklessly!
You are too injured to fight recklessly!
Unknown command.
You are too injured to fight recklessly!
You are too injured to fight recklessly!
You are too injured to fight recklessly!
You are too injured to fight recklessly!
You are too injured to fight recklessly!
Unknown command.
You closely miss the goblin. The goblin hits you with a +0 club.
Robin throws the goblin at you! The goblin closely misses you.
The goblin hits you with a +0 club.
* * * LOW HITPOINT WARNING * * *
You closely miss the goblin. The goblin barely misses you.
The goblin hits you but does no damage. The goblin misses you.
A goblin comes into view. It is wielding a +0 club.
You miss the goblin. The goblin hits you with a +0 club.
* * * LOW HITPOINT WARNING * * *
The goblin barely misses you. x2; The hobgoblin hits you.
You die...

#.# #g# ... #.#.#
#g#.# #.#.# ###g#.#
####.g@g.####
#.....gg..^.#
#.#.......#^#
#...........#
###.##_##.######## 8^.
#.# ..8#....#
######.######....#####
#..................#
##..##.##.......###.#


You could see Robin, a hobgoblin (strong) and 5 goblins.

Vanquished Creatures
  A dart slug (D:2)
  2 ball pythons
  3 bats (D:1)
  2 endoplasms
  3 hobgoblins
  2 quokkas (D:1)
  A frilled lizard (D:1)
  3 goblins
  5 kobolds
  2 rats (D:1)
24 creatures vanquished.

Notes
Turn   | Place    | Note
-------+----------+-------------------------------------------
     0 | D:1      | kevlar127 the Troll Berserker began the quest for the Orb.
     0 | D:1      | Reached XP level 1. HP: 22/22 MP: 0/0
   220 | D:1      | Reached XP level 2. HP: 29/29 MP: 1/1
   823 | D:2      | Identified the +0 robe of Apathy {Will+}
   841 | D:2      | Found a radiant altar of Vehumet.
   958 | D:2      | Found a faded altar of an unknown god.
   974 | D:2      | Identified the +0 helmet of Nobad {Fly rC+}
   974 | D:2      | Noticed Robin
   982 | D:2      | Slain by a hobgoblin

Illustrated notes

Levels and vault maps discovered:
D:1:      amcnicky_arrival_gap_in_the_tavern_cellar, layout_basic,
          minmay_misc_feat_more_columns, minmay_misc_feat_x, chequers_garden
D:2:      layout_loops_ring, basic_altar,
          shapermc_ecumenical_altar_mp_highgroup, kennysheep_generic_room_4,
          uniq_robin, uniq_crazy_yiuf_cottage

Action                   || total
-------------------------++-------
Melee: Unarmed           ||    49
 Stab: Sleeping          ||     1
Armor: Animal skin       ||    15
Dodge: Dodged            ||    31

Table legend: (Time is in decaauts)
 A = Elapsed time spent in this place.
 B = Non-inter-level travel time spent in this place.
 C = Inter-level travel time spent in this place.
 D = Time resting spent in this place.
 E = Time spent auto-exploring this place.
 F = Levels seen in this place.
 G = Mean time per level.
                   A        B        C        D        E       F      G
               +--------+--------+--------+--------+--------+-----+--------+
         Total |    978 |    925 |     53 |      0 |    794 |   2 |  489.0 |
       Dungeon |    978 |    925 |     53 |      0 |    794 |   2 |  489.0 |
               +--------+--------+--------+--------+--------+-----+--------+

Top non-repeatable levels by time:
     D:1: 806 daAuts
     D:2: 172 daAuts
